 Dungeon Crawl Stone Soup version 0.30-a0-218-gedb9141078 (webtiles) character file.

Game seed: 16825322407321391132

1101 SigmundSlayer the Basher (level 8, 0/78 HPs)
             Began as an Ogre Delver on Oct 5, 2022.
             Was a Follower of the Shining One.
             Slain by a black bear (2 damage)
             ... on level 7 of the Dungeon.
             The game lasted 00:07:19 (5466 turns).

SigmundSlayer the Basher (Ogre Delver)              Turns: 5466, Time: 00:07:20

Health: 0/78       AC:  3    Str: 22    XL:     8   Next: 32%
Magic:  17/17      EV: 13    Int: 11    God:    the Shining One [*.....]
Gold:   318        SH:  0    Dex: 10    Spells: 7/7 levels left

rFire   . . .      SeeInvis .    a - +6 spear of Massacring {elec, rElec rC+ MP+9 Str+3}
rCold   + + .      Faith    .    (no shield)
rNeg    + . .      Spirit   .    A - +0 robe {rC+}
rPois   .          Reflect  .    (helmet restricted)
rElec   +          Harm     .    (no cloak)
rCorr   .          Rampage  .    (gloves unavailable)
Will    .....                    (boots unavailable)
Stlth   +.........               (no amulet)
HPRegen 0.33/turn                w - ring of positive energy
MPRegen 0.15/turn                x - +4 ring of evasion

@: glowing
A: large, unfitting armour, tough skin 1
a: Renounce Religion, Divine Shield


You were on level 7 of the Dungeon.
You worshipped the Shining One.
The Shining One was aware of your devotion.
You visited 2 branches of the dungeon, and saw 8 of its levels.

You collected 318 gold pieces.

Inventory:

Hand Weapons
 a - the +6 spear of Massacring (weapon) {elec, rElec rC+ MP+9 Str+3}
   (You found it on level 3 of the Dungeon)

   It occasionally discharges a powerful burst of electricity upon striking a
   foe.
   Str:       It affects your strength (+3).
   rC:        It protects you from cold.
   rElec:     It insulates you from electricity.
   MP:        It affects your magic capacity (+9).
 j - a +0 vorpal flail
Missiles
 h - 4 boomerangs (quivered)
Armour
 A - a +0 robe of cold resistance (worn)
Magical Staves
 b - a staff of poison
Jewellery
 n - an amulet of faith
 p - a ring of fire
 w - a ring of positive energy (left hand)
 x - a +4 ring of evasion (right hand)
 B - a ring of poison resistance
Wands
 g - a wand of digging (2)
 C - a wand of polymorph (12)
Scrolls
 c - 3 scrolls of fog
 d - a scroll of magic mapping
 e - 2 scrolls of fear
 i - 2 scrolls of vulnerability
 m - a scroll of teleportation
 o - 2 scrolls of poison
 s - a scroll of enchant weapon
 t - a scroll of torment {unknown}
 y - a scroll of enchant armour
Potions
 f - a potion of haste
 k - a potion of curing
 l - 3 potions of ambrosia {unknown}
 q - a potion of resistance {unknown}
 r - 2 potions of invisibility {unknown}
 u - 3 potions of mutation {unknown}
 v - a potion of lignification {unknown}
 z - a potion of berserk rage {unknown}


   Skills:
 - Level 4.0 Fighting
 + Level 9.0 Maces & Flails
 - Level 1.7 Dodging
 - Level 3.7 Stealth


You had 7 spell levels left.
You didn't know any spells.
Your spell library contained the following spells:

 Spells                   Type           Power      Damage    Failure   Level
 Ensorcelled Hibernation  Hex/Ice        0%         N/A       47%         2
 Passwall                 Tmut/Erth      0%         N/A       47%         2
 Static Discharge         Conj/Air       0%         2-2/arc   47%         2
 Swiftness                Air            0%         N/A       71%         3
 Vhi's Electric Charge    Tloc/Air       0%         N/A       71%         3
 Animate Armour           Summ/Erth      0%         N/A       98%         4
 Arcjolt                  Conj/Air       0%         1d10      100%        5
 Blade Hands              Tmut           0%         N/A       100%        5
 Lightning Bolt           Conj/Air       0%         1d11      100%        5
 Iron Shot                Conj/Erth      0%         9d1       100%        6


Dungeon Overview and Level Annotations

Branches:
Dungeon (7/15)             Temple (1/1) D:4

Altars:
Ashenzari
Cheibriados
Gozag
Hepliaklqana
Kikubaaqudgha
Makhleb
Nemelex Xobeh
Okawaru
Qazlal
Sif Muna
Trog
Uskayaw
Vehumet
Wu Jian
Xom
Yredelemnul
Zin
The Shining One

Shops:
D:6 !

Annotations:
D:4 1 runed translucent door


Innate Abilities, Weirdness & Mutations

You are too large for most types of armour.
You have tough skin. (AC +1)


Message History

Press: ? - help, Q - select action, (/) - cycle Shift-Dir - straight line, f - black bear
Aim: a black bear (almost dead, berserk, haloed, 85% to hit)
You throw a boomerang.
The boomerang hits the black bear but does no damage.
The black bear is almost dead.
The black bear misses you. The black bear claws you. x2
The black bear misses you. The black bear closely misses you.
The black bear claws you.
Throw: 4 boomerangs
Press: ? - help, Q - select action, (/) - cycle Shift-Dir - straight line, f/p - black bear
Aim: a black bear (almost dead, berserk, haloed, 85% to hit)
You throw a boomerang. The boomerang hits the black bear.
The black bear is almost dead.
The black bear bites you. The black bear closely misses you.
The black bear misses you. The black bear barely misses you.
The black bear claws you. x2
* * * LOW HITPOINT WARNING * * *
Throw: 4 boomerangs
Press: ? - help, Q - select action, (/) - cycle Shift-Dir - straight line, f/p - black bear
Aim: a black bear (almost dead, berserk, haloed, 85% to hit)
You throw a boomerang.
The boomerang hits the black bear but does no damage.
The black bear is almost dead.
The black bear bites you.
* * * LOW HITPOINT WARNING * * *
The black bear claws you.
* * * LOW HITPOINT WARNING * * *
The black bear claws you but does no damage.
The black bear barely misses you. x2; The black bear claws you.
* * * LOW HITPOINT WARNING * * *
Throw: 4 boomerangs
Press: ? - help, Q - select action, (/) - cycle Shift-Dir - straight line, f/p - black bear
Aim: a black bear (almost dead, berserk, haloed, 85% to hit)
You throw a boomerang.
The boomerang hits the black bear but does no damage.
The black bear is almost dead.
The black bear misses you. The black bear claws you.
* * * LOW HITPOINT WARNING * * *
The black bear claws you.
You die...

## #
.###..
#.#..).
.......
....[..
##.......
#@....#
#h....#
[.[......
###....#..
....# .
....#
....#
.....


You could see a black bear (berserk).

Vanquished Creatures
  Eustachio (D:6)
  An ice beast (D:6)
  A black bear (D:6)
  A sky beast (D:6)
  A phantom (D:5)
  A gnoll sergeant (D:5)
  A bullfrog (D:6)
  A howler monkey (D:5)
  2 orc priests
  5 iguanas
  An orc wizard (D:6)
  7 gnolls
  8 adders
  A white imp (D:6)
  4 worms
  2 dart slugs (D:5)
  19 orcs
  2 endoplasms
  A giant cockroach (D:3)
  A goblin (D:3)
  8 hobgoblins
  8 kobolds
  A quokka (D:2)
  3 ball pythons
  3 bats
  4 frilled lizards
  A rat (D:2)
89 creatures vanquished.

Notes
Turn   | Place    | Note
-------+----------+-------------------------------------------
     0 | D:5      | SigmundSlayer the Ogre Delver began the quest for the Orb.
     0 | D:5      | Reached XP level 1. HP: 24/24 MP: 1/1
    29 | D:5      | Noticed an iguana
   100 | D:3      | Reached skill level 2 in Maces & Flails
   100 | D:3      | Reached XP level 2. HP: 29/32 MP: 2/2
   165 | D:3      | Identified the +6 spear of Massacring {elec, rElec rC+ MP+9
                  | Str+3}
   321 | D:2      | Reached skill level 3 in Maces & Flails
   390 | D:2      | Reached XP level 3. HP: 39/39 MP: 3/3
  1372 | D:2      | Reached XP level 4. HP: 28/48 MP: 4/4
  1377 | D:2      | Reached skill level 4 in Maces & Flails
  2210 | D:3      | Found a burning altar of Makhleb.
  2314 | D:3      | Found a radiant altar of Vehumet.
  2314 | D:3      | Found a shimmering altar of Xom.
  2322 | D:3      | Found a bloodstained altar of Trog.
  2324 | D:3      | Found a hide-covered altar of Uskayaw.
  2326 | D:3      | Found a broken altar of Ashenzari.
  2572 | D:4      | Found a staircase to the Ecumenical Temple.
  2582 | D:4      | Reached XP level 5. HP: 49/54 MP: 5/5
  2601 | Temple   | Entered the Ecumenical Temple
  2631 | Temple   | Became a worshipper of the Shining One
  2862 | D:4      | Reached skill level 5 in Maces & Flails
  3049 | D:4      | Found a runed translucent door.
  3049 | D:4      | Noticed a human
  3054 | D:4      | Found a basalt altar of Yredelemnul.
  3064 | D:4      | Reached XP level 6. HP: 53/62 MP: 6/6
  3181 | D:4      | Found a hazy altar of Hepliaklqana.
  3414 | D:5      | The Shining One protects you from harm!
  3474 | D:5      | Reached skill level 6 in Maces & Flails
  3992 | D:5      | Reached XP level 7. HP: 62/70 MP: 7/7
  4491 | D:6      | Noticed Eustachio
  4506 | D:6      | Killed Eustachio
  4507 | D:6      | Reached skill level 7 in Maces & Flails
  4673 | D:6      | Reached * piety under the Shining One
  4710 | D:6      | Found a snail-covered altar of Cheibriados.
  4727 | D:6      | Reached skill level 8 in Maces & Flails
  4727 | D:6      | Reached XP level 8. HP: 78/78 MP: 8/8
  4793 | D:6      | Found a stormy altar of Qazlal.
  4944 | D:6      | Found Caac's Distillery.
  5337 | D:6      | Reached skill level 9 in Maces & Flails
  5466 | D:7      | HP: 2/78 [black bear (6)]
  5466 | D:7      | Slain by a black bear

Illustrated notes

Levels and vault maps discovered:
D:1:      minmay_arrival_jagged, layout_basic
D:2:      layout_basic, kennysheep_big_empty_room,
          chequers_serial_rivers_small_b
D:3:      layout_basic, lightli_temple_of_fire,
          chequers_temple_overflow_minitemple, mrwooster_statue_mirror,
          nicolae_concentric_dashed_squares_mild, minmay_strange_pillars,
          grunt_ministairs_13, minmay_misc_feat_nine_boxes
D:4:      layout_gridville, dk_yredelemnul_ordeal,
          nicolae_overflow_crystal_walls, minmay_temple_entry_mini_moons
D:5:      layout_loops_cross, minmay_misc_feat_x, grunt_decor_junction
D:6:      layout_basic, mainiacjoe_overflow_large_starburst, serial_shops,
          nicolae_diamond_shop, uniq_eustachio
D:7:      layout_basic, nicolae_ru_great_annihilating_truth
Temple:   hellmonk_temple_micro_hex

Skill      XL: |  1  2  3  4  5  6  7  8 |
---------------+-------------------------+-----
Maces & Flails | 2 3 4 5 6 8 9 |  9.0
Fighting       | |  4.0
Dodging        | |  1.7
Stealth        | |  3.7

Action                   |  1- 3 |  4- 6 |  7- 9 || total
-------------------------+-------+-------+-------++-------
Melee: Mace              |     5 |       |       ||     5
       Flail             |     6 |       |       ||     6
       Spear             |    29 |   112 |    89 ||   230
       Punch             |       |       |     1 ||     1
Throw: Boomerang         |       |       |     4 ||     4
Evoke: Wand              |       |     1 |       ||     1
  Use: Scroll            |       |     7 |       ||     7
       Potion            |       |     2 |       ||     2
 Stab: Sleeping          |    11 |       |       ||    11
Armor: Robe              |     9 |    14 |    17 ||    40
Dodge: Dodged            |    11 |    62 |    90 ||   163

Table legend: (Time is in decaauts)
 A = Elapsed time spent in this place.
 B = Non-inter-level travel time spent in this place.
 C = Inter-level travel time spent in this place.
 D = Time resting spent in this place.
 E = Time spent auto-exploring this place.
 F = Levels seen in this place.
 G = Mean time per level.
                   A        B        C        D        E       F      G
               +--------+--------+--------+--------+--------+-----+--------+
         Total |   5471 |   5150 |    321 |    161 |   4158 |   8 |  683.9 |
       Dungeon |   5435 |   5123 |    312 |    161 |   4133 |   7 |  776.4 |
        Temple |     35 |     26 |      9 |      0 |     25 |   1 |   35.0 |
               +--------+--------+--------+--------+--------+-----+--------+

Top non-repeatable levels by time:
     D:3: 1100 daAuts
     D:5: 1086 daAuts
     D:6: 1037 daAuts
     D:2: 948 daAuts
     D:4: 860 daAuts
     D:1: 390 daAuts
  Temple: 35 daAuts
     D:7: 12 daAuts
